 Dungeon Crawl Stone Soup version 0.31-a0-1338-gb567cfdca4 (webtiles) character file.

Game seed: 15228448332706450663

240 croobank the Ducker (level 6, 0/53 HPs)
             Began as a Gnoll Monk on Dec 22, 2023.
             Was an Initiate of Yredelemnul.
             Succumbed to an adder's poison
             ... on level 4 of the Dungeon.
             The game lasted 00:06:48 (2965 turns).

croobank the Ducker (Gnoll Monk)                    Turns: 2965, Time: 00:06:48

Health: 0/53       AC:  8    Str: 11    XL:     6   Next: 8%
Magic:  8/8        EV: 10    Int: 11    God:    Yredelemnul [......]
Gold:   166        SH:  8    Dex: 14    Spells: 8/8 levels left

rFire   + . .        i - +0 dagger (speed)
rCold   + . .        t - +0 kite shield
rNeg    + . .        k - +3 ring mail
rPois   +            (no helmet)
rElec   +            (no cloak)
rCorr   +            (no gloves)
SInv    .            (no boots)
Will    .....        (no amulet)
Stlth   +            r - ring of positive energy
HPRegen 0.28/turn    (no ring)
MPRegen 0.11/turn

%: no passive effects
@: brilliant, lethally poisoned (0 -> -3), resistant
A: fangs 1, strong nose, distributed training
a: Renounce Religion, Recall Undead Harvest


You were on level 4 of the Dungeon.
You worshipped Yredelemnul.
Yredelemnul was noncommittal.
You visited 1 branch of the dungeon, and saw 4 of its levels.

You collected 166 gold pieces.

Inventory:

Hand Weapons
 a - a +0 short sword
 e - a +1 whip of draining
 h - a +1 dagger of venom
 i - a +0 dagger of speed (weapon)
Missiles
 l - 6 boomerangs (quivered)
Armour
 d - an orb of light
 k - a +3 ring mail (worn)
 t - a +0 kite shield (worn)
Jewellery
 b - a ring of willpower
 r - a ring of positive energy (left hand)
Scrolls
 f - 2 scrolls of identify {unknown}
 m - a scroll of enchant weapon {unknown}
 o - 2 scrolls of fear {unknown}
 u - a scroll of poison {unknown}
 v - a scroll of revelation {unknown}
 w - a scroll of teleportation {unknown}
 y - a scroll of blinking {unknown}
Potions
 g - a potion of lignification {unknown}
 j - 2 potions of resistance
 n - a potion of degeneration {unknown}
 p - 2 potions of brilliance
 q - 3 potions of berserk rage {unknown}
 s - 2 potions of curing {unknown}
 x - a potion of cancellation {unknown}


   Skills:
 + Level 6.8 Fighting
 + Level 6.8 Short Blades
 + Level 1.8 Long Blades
 + Level 1.8 Axes
 + Level 1.8 Maces & Flails
 + Level 1.8 Polearms
 + Level 1.8 Staves
 + Level 1.8 Ranged Weapons
 + Level 1.8 Throwing
 + Level 1.8 Armour
 + Level 6.8 Dodging
 + Level 1.8 Stealth
 + Level 1.8 Shields
 + Level 1.8 Unarmed Combat
 + Level 1.8 Spellcasting
 + Level 1.4 Conjurations
 + Level 1.4 Hexes
 + Level 1.4 Summonings
 + Level 1.4 Necromancy
 + Level 1.4 Translocations
 + Level 1.4 Fire Magic
 + Level 1.4 Ice Magic
 + Level 1.4 Air Magic
 + Level 1.4 Earth Magic
 + Level 1.4 Alchemy
 + Level 2.0 Invocations
 + Level 1.8 Evocations
 + Level 1.6 Shapeshifting


You had 8 spell levels left.
You didn't know any spells.
Your spell library contained the following spells:

 Spells                   Type           Power      Damage    Failure   Level
 Blink                    Tloc           12%        N/A       95%         2
 Cigotuvi's Dreadful Rot  Necr/Alch/Air  12%        N/A       95%         2
 Ensorcelled Hibernation  Hex/Ice        12%        N/A       95%         2
 Lesser Beckoning         Tloc           12%        N/A       95%         2
 Momentum Strike          Conj/Tloc      12%        3d8       95%         2
 Fugue of the Fallen      Necr           6%         N/A       99%         3
 Ozocubu's Armour         Ice            6%         N/A       99%         3
 Anguish                  Hex/Necr       3%         N/A       100%        4
 Animate Armour           Summ/Erth      12%        N/A       100%        4
 Ignite Poison            Fire/Alch      6%         N/A       100%        4
 Summon Lightning Spire   Summ/Air       6%         N/A       100%        4
 Freezing Cloud           Conj/Ice/Air   3%         6-21      100%        5
 Lee's Rapid Deconstruct  Erth           3%         3d5*      100%        5
 Metabolic Englaciation   Hex/Ice        3%         N/A       100%        5
 Simulacrum               Ice/Necr       Unusable   N/A       N/A         6

Dungeon Overview and Level Annotations

Branches:
Dungeon (4/15)
 Temple: D:4-7

Altars:
Sif Muna
Yredelemnul
Zin


Innate Abilities, Weirdness & Mutations

You have very sharp teeth.
Your uncanny sense of smell can sniff out nearby items.
Your experience applies equally to all skills.


Message History

The gnoll hits you but does no damage. The adder closely misses you.
The gnoll hits you from afar with a +0 halberd!
* * * LOW HITPOINT WARNING * * *
The gnoll bouda barks out a call to the hunt!
The gnolls pick up the pace!
You are too confused!
The gnoll hits you but does no damage. The gnoll attacks as it pursues you!
The gnoll hits you but does no damage.
You hit the gnoll but do no damage. The adder bites you but does no damage.
The gnoll hits you but does no damage. The gnoll barely misses you.
You bump into the rock wall.
The adder barely misses you.
The gnoll hits you from afar with a +0 halberd!
* * * LOW HITPOINT WARNING * * *
The gnoll barely misses you. The gnoll hits you with a +0 flail.
* * * LOW HITPOINT WARNING * * *
You feel less invigorated.
You feel less confused.
The gnoll is no longer moving quickly.
The gnoll bouda barks out a call to the hunt!
The gnoll picks up the pace!
The adder bites you.
* * * LOW HITPOINT WARNING * * *
You are poisoned.
The adder poisons you!
* * * LOW HITPOINT WARNING * * *
You feel sick.
The gnoll bouda attacks as it pursues you!
The gnoll bouda hits you with a +0 club.
* * * LOW HITPOINT WARNING * * *
You block the gnoll's attack.
It was a potion of resistance.
You feel protected.
* * * LOW HITPOINT WARNING * * *
You feel sick. The gnoll barely misses you.
The gnoll bouda hits you but does no damage.
The gnoll hits you but does no damage.
It was a potion of brilliance.
You feel clever all of a sudden.
You die...
Your body rises from the dead as a mindless zombie.

..........#............<.#
#...
..........#..............#
#...
..........#..............#
#...
..........#+#########+####
##.. ....####...........#
### ....#..#...........#
....#..#...........#
....##'#...........######
#####.....##'###@........
# #.....#....#gg....... #
#.....#....#Sg....... #
#.....#....#g........ #
#.....#....#.........
##'##.....#..###.........
.....>....#..#....#####+#
..........#..+....#
..........# #....'


You could see a gnoll bouda, 3 gnolls and an adder.

Vanquished Creatures
  A black bear (D:3)
  Jessica (D:2)
  3 adders
  3 worms
  2 dart slugs
  6 orcs (D:3)
  5 bats (D:2)
  6 endoplasms
  A giant cockroach (D:3)
  9 goblins
  8 hobgoblins
  4 jackals (D:2)
  A quokka (D:2)
  10 ball pythons
  3 frilled lizards (D:2)
  10 kobolds
  7 rats
  A spectral kobold (D:3)
81 creatures vanquished.

Vanquished Creatures (collateral kills)
  A hobgoblin (D:3)
1 creature vanquished.

Vanquished Creatures (others)
  A dart slug zombie (D:4)
1 creature vanquished.

Grand Total: 83 creatures vanquished

Notes
Turn   | Place    | Note
-------+----------+-------------------------------------------
     0 | D:1      | croobank the Gnoll Monk began the quest for the Orb.
     0 | D:1      | Reached XP level 1. HP: 23/23 MP: 1/1
    96 | D:1      | Reached XP level 2. HP: 28/29 MP: 2/2
   466 | D:1      | Reached XP level 3. HP: 30/35 MP: 3/3
   760 | D:1      | Found a glowing silver altar of Zin.
   951 | D:2      | Reached skill level 1 in Invocations
  1003 | D:2      | Noticed Jessica
  1019 | D:2      | Killed Jessica
  1020 | D:2      | Reached skill level 1 in Long Blades
  1020 | D:2      | Reached skill level 1 in Axes
  1020 | D:2      | Reached skill level 1 in Maces & Flails
  1020 | D:2      | Reached skill level 1 in Polearms
  1020 | D:2      | Reached skill level 1 in Staves
  1020 | D:2      | Reached skill level 1 in Ranged Weapons
  1020 | D:2      | Reached skill level 1 in Throwing
  1020 | D:2      | Reached skill level 1 in Armour
  1020 | D:2      | Reached skill level 1 in Stealth
  1020 | D:2      | Reached skill level 1 in Shields
  1020 | D:2      | Reached skill level 1 in Unarmed Combat
  1020 | D:2      | Reached skill level 1 in Spellcasting
  1020 | D:2      | Reached skill level 1 in Evocations
  1020 | D:2      | Reached skill level 1 in Shapeshifting
  1020 | D:2      | Reached XP level 4. HP: 37/41 MP: 5/5
  1252 | D:2      | Reached skill level 1 in Conjurations
  1252 | D:2      | Reached skill level 1 in Hexes
  1252 | D:2      | Reached skill level 1 in Summonings
  1252 | D:2      | Reached skill level 1 in Necromancy
  1252 | D:2      | Reached skill level 1 in Translocations
  1252 | D:2      | Reached skill level 1 in Fire Magic
  1252 | D:2      | Reached skill level 1 in Ice Magic
  1252 | D:2      | Reached skill level 1 in Air Magic
  1252 | D:2      | Reached skill level 1 in Earth Magic
  1252 | D:2      | Reached skill level 1 in Alchemy
  1497 | D:3      | Noticed a black bear
  1630 | D:3      | Killed a black bear
  1631 | D:3      | Reached XP level 5. HP: 33/47 MP: 5/7
  1904 | D:3      | Found a faded altar of an unknown god.
  1935 | D:3      | Prayed at the altar of an unknown god.
  1935 | D:3      | Became a worshipper of Yredelemnul the Dark
  1935 | D:3      | Reached * piety under Yredelemnul
  1935 | D:3      | Reached ** piety under Yredelemnul
  2107 | D:3      | Reached *** piety under Yredelemnul
  2391 | D:3      | Found a shimmering blue altar of Sif Muna.
  2562 | D:4      | Reached XP level 6. HP: 52/53 MP: 8/8
  2963 | D:4      | HP: 1/53 [gnoll bouda/+0 club (3)]
  2965 | D:4      | Succumbed to an adder's poison

Illustrated notes

Levels and vault maps discovered:
D:1:      dpeg_arrival_water_altar, layout_basic
D:2:      layout_basic, uniq_jessica
D:3:      corexii_shack_village, layout_basic, mainiacjoe_overflow_alcove_4,
          serial_glass, glass_columns_a, glass_columns_b,
          dreamdust_ecumenical_altar_drowned_temple
D:4:      layout_gridville

Skill      XL: |  1  2  3  4  5 |
---------------+----------------+-----
Invocations    | 1 2 |  2.0
Long Blades    | 1 |  1.8
Axes           | 1 |  1.8
Maces & Flails | 1 |  1.8
Polearms       | 1 |  1.8
Staves         | 1 |  1.8
Ranged Weapons | 1 |  1.8
Throwing       | 1 |  1.8
Armour         | 1 |  1.8
Stealth        | 1 |  1.8
Shields        | 1 |  1.8
Unarmed Combat | 1 |  1.8
Spellcasting   | 1 |  1.8
Evocations     | 1 |  1.8
Shapeshifting  | 1 |  1.6
Conjurations   | 1 |  1.4
Hexes          | 1 |  1.4
Summonings     | 1 |  1.4
Necromancy     | 1 |  1.4
Translocations | 1 |  1.4
Fire Magic     | 1 |  1.4
Ice Magic      | 1 |  1.4
Air Magic      | 1 |  1.4
Earth Magic    | 1 |  1.4
Alchemy        | 1 |  1.4
Fighting       | |  6.8
Short Blades   | |  6.8
Dodging        | |  6.8

Action                     |  1- 3 |  4- 6 || total
---------------------------+-------+-------++-------
  Melee: Short sword       |    17 |       ||    17
         Dagger            |    75 |   283 ||   358
         Bite              |     8 |    42 ||    50
  Throw: Boomerang         |       |     2 ||     2
    Use: Scroll            |       |     5 ||     5
         Potion            |       |     3 ||     3
   Stab: Distracted        |       |     1 ||     1
 Armour: Robe              |    18 |    22 ||    40
         Ring mail         |       |    86 ||    86
  Dodge: Dodged            |    32 |   109 ||   141
  Block: Kite shield       |       |    37 ||    37

Table legend: (Time is in decaauts)
 A = Elapsed time spent in this place.
 B = Non-inter-level travel time spent in this place.
 C = Inter-level travel time spent in this place.
 D = Time resting spent in this place.
 E = Time spent auto-exploring this place.
 F = Levels seen in this place.
 G = Mean time per level.
                   A        B        C        D        E       F      G
               +--------+--------+--------+--------+--------+-----+--------+
         Total |   2788 |   2713 |     75 |     64 |   1946 |   4 |  697.0 |
       Dungeon |   2788 |   2713 |     75 |     64 |   1946 |   4 |  697.0 |
               +--------+--------+--------+--------+--------+-----+--------+

Top non-repeatable levels by time:
     D:3: 921 daAuts
     D:1: 757 daAuts
     D:2: 668 daAuts
     D:4: 441 daAuts
